 Dungeon Crawl Stone Soup version 0.29.1-2-gbd0b4ee654 (webtiles) character file.

Game seed: 10069176266972464189

124 cdecastro the Vexing (level 5, -4/24 HPs)
             Began as a Vine Stalker Enchanter on Nov 14, 2022.
             Slain by a kobold
             ... wielding a +2 whip of electrocution
              (19 damage)
             ... on level 3 of the Dungeon.
             The game lasted 00:04:43 (2791 turns).

cdecastro the Vexing (Vine Stalker Enchanter)       Turns: 2791, Time: 00:04:43

Health: -4/24      AC:  2    Str: 10    XL:     5   Next: 8%
Magic:  0/9        EV: 12    Int: 17    God:
Gold:   32         SH:  0    Dex: 15    Spells: 6/8 levels left

rFire   + . .      SeeInvis .   a - +1 dagger
rCold   + . .      Faith    .   (no shield)
rNeg    . . .      Spirit   +   b - +0 robe
rPois   .          Reflect  .   (no helmet)
rElec   .          Harm     .   (no cloak)
rCorr   .          Rampage  .   (no gloves)
Will    .....                   (no boots)
Stlth   ++........              (no amulet)
HPRegen 0.88/turn               k - ring of protection from cold
MPRegen 0.11/turn               s - ring of protection from fire

@: very slightly contaminated
A: fangs 2, regeneration 1, magic shield, antimagic bite, no potion heal 2
a: no special abilities


You were on level 3 of the Dungeon.
You visited 1 branch of the dungeon, and saw 3 of its levels.

You collected 152 gold pieces.
You spent 120 gold pieces at shops.

Inventory:

Hand Weapons
 a - a +1 dagger (weapon)
Missiles
 f - 18 stones
 n - 4 boomerangs
Armour
 b - a +0 robe (worn)
Magical Staves
 p - a staff of conjuration
Jewellery
 k - a ring of protection from cold (left hand)
 s - a ring of protection from fire (right hand)
Wands
 m - a wand of iceblast (6)
Scrolls
 d - 2 scrolls of summoning {unknown}
 i - 2 scrolls of fear {unknown}
 j - 2 scrolls of identify {unknown}
 l - 2 scrolls of fog {unknown}
 o - a scroll of immolation {unknown}
 u - 3 scrolls of teleportation {unknown}
 v - a scroll of noise {unknown}
Potions
 c - 2 potions of invisibility
 e - 2 potions of flight
 g - a potion of magic {unknown}
 h - 2 potions of might {unknown}
 q - a potion of resistance {unknown}
 r - 2 potions of lignification {unknown}
 t - 3 potions of curing
 w - 2 potions of mutation {unknown}
 x - a potion of berserk rage
 z - a potion of degeneration


   Skills:
 - Level 0.8 Short Blades
 - Level 1.5 Dodging
 - Level 3.6 Stealth
 - Level 2.1 Spellcasting
 + Level 5.6 Hexes


You had 6 spell levels left.
You knew the following spells:

 Your Spells              Type           Power      Damage    Failure   Level
a - Ensorcelled Hibernat  Hex/Ice        22%        N/A       9%          2

Your spell library contained the following spells:

 Spells                   Type           Power      Damage    Failure   Level
 Confusing Touch          Hex            21%        N/A       5%          3
 Tukima's Dance           Hex            21%        N/A       5%          3
 Dazzling Flash           Conj/Hex       22%        N/A       19%         3


Dungeon Overview and Level Annotations

Branches:
Dungeon (3/15)

Altars:
Gozag
Qazlal

Shops:
D:3 !


Innate Abilities, Weirdness & Mutations

You have extremely sharp teeth.
Your natural rate of healing is unusually fast.
When hurt, damage is shared between your health and your magic reserves.
Your bite disrupts and absorbs the magic of your enemies.
Potions cannot restore your health.


Message History

A goblin and a kobold come into view.
The kobold is wielding a +2 whip of electrocution.
Found 3 gold pieces.
Found a scroll labelled KAMEUT JAIGINE and a gold piece.
Found a whip.
Found 10 gold pieces and a lumpy yellow potion.
The kobold shouts!
The goblin hits you with a +0 dagger.
You closely miss the goblin. Your bite misses the goblin.
The goblin misses you.
Aiming: Ensorcelled Hibernation (safe; 9% risk of failure)
Press: ? - help, Q - select action, (/) - cycle Shift-Dir - straight line, f - kobold
Aim: a kobold, wielding a +2 whip of electrocution (chance to affect: 62%)
You miscast Ensorcelled Hibernation.
You are very lightly contaminated with residual magic.
Nothing appears to happen.
The kobold closely misses you. The goblin misses you.
Aiming: Ensorcelled Hibernation (safe; 9% risk of failure)
Press: ? - help, Q - select action, (/) - cycle Shift-Dir - straight line, f/p - kobold
Aim: a kobold, wielding a +2 whip of electrocution (chance to affect: 62%)
The kobold resists with significant effort.
The kobold misses you. The goblin hits you with a +0 dagger.
Unknown command.
Aiming: Ensorcelled Hibernation (safe; 9% risk of failure)
Press: ? - help, Q - select action, (/) - cycle Shift-Dir - straight line, f/p - kobold
Aim: a kobold, wielding a +2 whip of electrocution (chance to affect: 62%)
The kobold resists with significant effort.
The kobold hits you with a +2 whip of electrocution.
The goblin hits you with a +0 dagger. The goblin attacks as you move away!
The goblin closely misses you. The goblin attacks as you move away!
The goblin barely misses you. The kobold attacks as you move away!
The kobold hits you with a +2 whip of electrocution.
The goblin attacks as you move away! The goblin hits you with a +0 dagger.
The goblin attacks as you move away! The goblin misses you.
The kobold attacks as you move away!
The kobold hits you with a +2 whip of electrocution.
You are electrocuted!!
Ouch! That really hurt!
You die...

####### ###
....).. #..
..$$$.. #..
###########..$_$.
#..
#............$$$.
#.. +........g...#
#.. #........K...#
#..
........###@###
#.. $....?#.# #.#
#.. ......#.#
#.### #..
!.....#.# #...##
#.. ..... #)#
#....# #.. .....
#.# #....#
########..
#8..8####~~~~~~~##
#8..8#~~~~≈≈≈≈≈~~~
#~..~~~≈≈≈≈≈≈≈≈≈≈≈


You could see a goblin and a kobold.

Vanquished Creatures
  Terence (D:3)
  5 adders
  2 worms (D:2)
  A dart slug (D:3)
  An orc (D:3)
  5 ball pythons
  3 endoplasms
  6 goblins
  6 hobgoblins
  3 quokkas
  3 bats
  2 frilled lizards
  4 kobolds (D:2)
  4 rats
  A spectral goblin (D:1)
47 creatures vanquished.

Notes
Turn   | Place    | Note
-------+----------+-------------------------------------------
     0 | D:1      | cdecastro the Vine Stalker Enchanter began the quest for
                  | the Orb.
     0 | D:1      | Reached XP level 1. HP: 9/9 MP: 4/4
   204 | D:1      | Found a faded altar of an unknown god.
   261 | D:1      | Reached XP level 2. HP: 13/13 MP: 6/6
   595 | D:1      | Learned a level 2 spell: Ensorcelled Hibernation
   964 | D:2      | Reached skill level 4 in Hexes
   964 | D:2      | Reached XP level 3. HP: 16/16 MP: 7/7
  1910 | D:2      | Gained mutation: Your natural rate of healing is unusually
                  | fast. [Vine Stalker growth]
  1910 | D:2      | Reached XP level 4. HP: 21/21 MP: 8/8
  2152 | D:3      | Reached skill level 5 in Hexes
  2318 | D:3      | Found Wyrir's Distillery.
  2329 | D:3      | Noticed Terence
  2331 | D:3      | Bought a potion of berserk rage for 50 gold pieces
  2331 | D:3      | Bought a potion of curing for 30 gold pieces
  2331 | D:3      | Bought a potion of flight for 30 gold pieces
  2331 | D:3      | Bought a potion of degeneration for 10 gold pieces
  2346 | D:3      | Killed Terence
  2606 | D:3      | Found a stormy altar of Qazlal.
  2670 | D:3      | Reached XP level 5. HP: 24/24 MP: 9/9
  2777 | D:3      | Found an opulent altar of Gozag.
  2791 | D:3      | Slain by a kobold

Illustrated notes

Levels and vault maps discovered:
D:1:      amcnicky_arrival_double_pillar, layout_loops_cross,
          dreamdust_ecumenical_altar_drowned_temple
D:2:      layout_loops_ring
D:3:      wander_river, layout_basic, nicolae_gozag_seed_capital,
          nicolae_qazlal_eye_of_the_storm, serial_shops, shop_statue,
          grunt_ministairs_13, uniq_terence

Skill      XL: |  1  2  3  4 |
---------------+-------------+-----
Hexes          | 4 5 |  5.6
Short Blades   | |  0.8
Dodging        | |  1.5
Stealth        | |  3.6
Spellcasting   | |  2.1

Action                   |  1- 3 |  4- 6 || total
-------------------------+-------+-------++-------
Melee: Dagger            |    63 |    34 ||    97
       Bite              |    10 |     4 ||    14
 Cast: Ensorcelled Hiber |    13 |    16 ||    29
 Stab: Sleeping          |    15 |    11 ||    26
Armor: Robe              |    10 |     3 ||    13
Dodge: Dodged            |    30 |    25 ||    55
